CRL
GREENSBORO HORNETS @ SALEM REBELS
07/24/1982
 
TOP OF THE 1ST
Greensboro Hornets batting - Pitching for Salem Rebels : RHP Edward Koziol
Pitching: RHP Edward Koziol
Batting: LHB Ozzie Guillen 0-0: Ground out 6-3 (Groundball, 6M, EV 106.3 MPH)
Batting: SHB Mark Bailey 0-0: Ball
1-0: Ball
2-0: Ball
3-0: Base on Balls
Batting: LHB Francisco Melendez 0-0: Called Strike
0-1: SINGLE (Groundball, 34D, EV 108.1 MPH) (infield hit)
Mark Bailey to second
Batting: RHB Greg Jelks 0-0: Called Strike
0-1: Ball
1-1: Foul Ball, location: 2F
1-2: Ball
2-2: Foul Ball, location: 2F
2-2: Foul Ball, location: 2F
2-2: Fielders Choice at 2nd, 3-6 (Groundball, 34, EV 105.6 MPH)
Mark Bailey to third
Batting: LHB Stephen DeMatties 0-0: Ball
1-0: Ball
2-0: Called Strike
2-1: Swinging Strike
2-2: Ball
3-2: Strikes out swinging
Top of the 1st over - 0 runs, 1 hit, 0 errors, 2 left on base; Greensboro 0 - Salem 0
BOTTOM OF THE 1ST
Salem Rebels batting - Pitching for Greensboro Hornets : RHP Jesus Silva
Pitching: RHP Jesus Silva
Batting: RHB Gary Leslie 0-0: Called Strike
0-1: Foul Ball, location: 2F
0-2: Ball
1-2: Ground out 4-3 (Groundball, 4S, EV 81.9 MPH)
Batting: RHB David Smith 0-0: Called Strike
0-1: Fly out, F9 (Line Drive, 9, EV 99.4 MPH)
Batting: RHB Glenn Jones 0-0: Ball
1-0: Ground out U3 (Groundball, 34, EV 85.0 MPH)
Bottom of the 1st over - 0 runs, 0 hits, 0 errors, 0 left on base; Greensboro 0 - Salem 0
TOP OF THE 2ND
Greensboro Hornets batting - Pitching for Salem Rebels : RHP Edward Koziol
Batting: RHB Bernardo Brito 0-0: Foul Ball, location: 2F
0-1: Called Strike
0-2: Ball
1-2: Foul Ball, location: 2F
1-2: Foul Ball, location: 2F
1-2: Fly out, F5 (Line Drive, 5, EV 63.8 MPH)
Batting: RHB Ed Romero 0-0: Fly out, F7 (Flyball, 78S, EV 91.9 MPH)
Batting: RHB Mark Cauley 0-0: Ball
1-0: Called Strike
1-1: Fly out, F8 (Flyball, 8RS, EV 95.0 MPH)
Top of the 2nd over - 0 runs, 0 hits, 0 errors, 0 left on base; Greensboro 0 - Salem 0
BOTTOM OF THE 2ND
Salem Rebels batting - Pitching for Greensboro Hornets : RHP Jesus Silva
Batting: RHB John Schaive 0-0: Fly out, F7 (Flyball, 78M, EV 72.5 MPH)
Batting: RHB Steven Schields 0-0: Foul Ball, location: 2F
0-1: Ball
1-1: Ball
2-1: Fly out, F3 (Line Drive, 3, EV 74.4 MPH)
Batting: RHB Michael Murray 0-0: Called Strike
0-1: Ball
1-1: Reached on error, E6 (Groundball, 6S, EV 77.5 MPH)
Batting: RHB Michael Guerra 0-0: Ball
1-0: Ball
2-0: Foul Ball, location: 2F
2-1: Ball
3-1: Base on Balls
Michael Murray to second
Batting: RHB Dwayne Wright 0-0: Ball
1-0: Called Strike
1-1: Called Strike
1-2: Ball
2-2: Strikes out swinging
Bottom of the 2nd over - 0 runs, 0 hits, 1 error, 2 left on base; Greensboro 0 - Salem 0
TOP OF THE 3RD
Greensboro Hornets batting - Pitching for Salem Rebels : RHP Edward Koziol
Batting: RHB John Lohse 0-0: Foul Ball, location: 2F
0-1: Ball
1-1: Foul Ball, location: 2F
1-2: Ground out 4-3 (Groundball, 4, EV 93.8 MPH)
Batting: LHB Ozzie Guillen 0-0: Called Strike
0-1: Ball
1-1: Ball
2-1: DOUBLE (Flyball, 8LD, EV 92.5 MPH)
Batting: SHB Mark Bailey 0-0: Foul Ball, location: 2F
0-1: Ball
1-1: Foul Ball, location: 2F
1-2: Fly out, F2 (Popup, 3SF, EV 81.9 MPH)
Batting: LHB Francisco Melendez 0-0: Ball
1-0: Foul Ball, location: 2F
1-1: Swinging Strike
1-2: Ball
2-2: Strikes out swinging
Top of the 3rd over - 0 runs, 1 hit, 0 errors, 1 left on base; Greensboro 0 - Salem 0
BOTTOM OF THE 3RD
Salem Rebels batting - Pitching for Greensboro Hornets : RHP Jesus Silva
Batting: RHB Jackie Talley 0-0: Fly out, F7 (Flyball, 7D, EV 103.1 MPH)
Batting: RHB Gary Leslie 0-0: Foul Ball, location: 2F
0-1: Ball
1-1: Ball
2-1: Ball
3-1: Ground out 4-3 (Groundball, 4, EV 103.1 MPH)
Batting: RHB David Smith 0-0: Ball
1-0: Ball
2-0: Called Strike
2-1: DOUBLE (Groundball, 5L, EV 98.1 MPH)
Batting: RHB Glenn Jones 0-0: Called Strike
0-1: Swinging Strike
0-2: Ball
1-2: Foul Ball, location: 2F
1-2: Strikes out swinging
Bottom of the 3rd over - 0 runs, 1 hit, 0 errors, 1 left on base; Greensboro 0 - Salem 0
TOP OF THE 4TH
Greensboro Hornets batting - Pitching for Salem Rebels : RHP Edward Koziol
Batting: RHB Greg Jelks 0-0: Called Strike
0-1: Ball
1-1: Foul Ball, location: 2F
1-2: DOUBLE (Line Drive, 9LS, EV 105.6 MPH)
Batting: LHB Stephen DeMatties 0-0: Called Strike
0-1: Swinging Strike
0-2: Fly out, F5 (Popup, 5F, EV 77.5 MPH)
Batting: RHB Bernardo Brito 0-0: Called Strike
0-1: Ball
1-1: DOUBLE (Groundball, 5L, EV 100.6 MPH)
Greg Jelks scores
Batting: RHB Ed Romero 0-0: Ball
1-0: Ball
2-0: SINGLE (Groundball, 6S, EV 74.4 MPH) (infield hit)
Bernardo Brito to third
Batting: RHB Mark Cauley 0-0: Ball
1-0: Called Strike
1-1: Fielders Choice at 2nd, 5-4 (Groundball, 56S, EV 85.6 MPH)
Bernardo Brito scores
Batting: RHB John Lohse 0-0: Ball
1-0: Fielders Choice at 2nd, 5-4 (Groundball, 56, EV 81.3 MPH)
Top of the 4th over - 2 runs, 3 hits, 0 errors, 1 left on base; Greensboro 2 - Salem 0
BOTTOM OF THE 4TH
Salem Rebels batting - Pitching for Greensboro Hornets : RHP Jesus Silva
Batting: RHB John Schaive 0-0: SOLO HOME RUN (Flyball, 7LD, EV 100.0 MPH), Distance : 342 ft
Batting: RHB Steven Schields 0-0: Ball
1-0: Fly out, F3 (Popup, 3SF, EV 79.4 MPH)
Batting: RHB Michael Murray 0-0: Called Strike
0-1: Swinging Strike
0-2: Ball
1-2: Strikes out swinging
Batting: RHB Michael Guerra 0-0: SINGLE (Groundball, 6M, EV 86.9 MPH) (infield hit)
Batting: RHB Dwayne Wright 0-0: Called Strike
0-1: DOUBLE (Line Drive, 5D, EV 98.8 MPH)
Michael Guerra to third
Runner from 3rd tries for Home, SAFE, throw by LF to trailing runner, OUT at third! 7-6-5
Bottom of the 4th over - 2 runs, 3 hits, 0 errors, 0 left on base; Greensboro 2 - Salem 2
TOP OF THE 5TH
Greensboro Hornets batting - Pitching for Salem Rebels : RHP Edward Koziol
Batting: LHB Ozzie Guillen 0-0: Ball
1-0: SINGLE (Groundball, 5D, EV 100.0 MPH)
Batting: SHB Mark Bailey Pickoff Throw to First - Error! E1
Ozzie Guillen to second
0-0: Ball
1-0: Ball
2-0: Called Strike
2-1: Foul Ball, location: 2F
2-2: Ball
3-2: Foul Ball, location: 2F
3-2: Strikes out looking
Batting: LHB Francisco Melendez 0-0: Ball
1-0: Foul Ball, location: 2F
1-1: Fly out, F7 (Line Drive, 7, EV 88.8 MPH)
Batting: RHB Greg Jelks 0-0: Foul Ball, location: 2F
0-1: Ball
1-1: Called Strike
1-2: Fly out, F8 (Line Drive, 8RM, EV 94.4 MPH)
Top of the 5th over - 0 runs, 1 hit, 1 error, 1 left on base; Greensboro 2 - Salem 2
BOTTOM OF THE 5TH
Salem Rebels batting - Pitching for Greensboro Hornets : RHP Jesus Silva
Batting: RHB Jackie Talley 0-0: Foul Ball, location: 2F
0-1: Fly out, F9 (Flyball, 89XD, EV 103.8 MPH)
Batting: RHB Gary Leslie 0-0: Ball
1-0: Ball
2-0: Ball
3-0: Base on Balls
Batting: RHB David Smith 0-0: Ball
1-0: Called Strike
1-1: Ball
2-1: Foul Ball, location: 2F
2-2: Foul Ball, location: 2F
2-2: Ball
Gary Leslie steals 2nd base
3-2: SINGLE (Line Drive, 9S, EV 91.3 MPH)
Gary Leslie to third
Runner from 3rd tries for Home, SAFE, throw by RF to home
Batting: RHB Glenn Jones 0-0: Foul Ball, location: 2F
0-1: Ball
1-1: Fly out, F7 (Flyball, 7LM, EV 86.3 MPH)
Batting: RHB John Schaive 0-0: Called Strike
0-1: Ball
1-1: Fielders Choice at 2nd, 6-4 (Groundball, 6D, EV 111.3 MPH)
Bottom of the 5th over - 1 run, 1 hit, 0 errors, 1 left on base; Greensboro 2 - Salem 3
TOP OF THE 6TH
Greensboro Hornets batting - Pitching for Salem Rebels : RHP Edward Koziol
Batting: LHB Stephen DeMatties 0-0: Ball
1-0: Ball
2-0: SINGLE (Groundball, 3D, EV 95.6 MPH)
Batting: RHB Bernardo Brito 0-0: Called Strike
0-1: Fly out, F8 (Line Drive, 8RM, EV 87.5 MPH)
Batting: RHB Ed Romero 0-0: Ball
1-0: SINGLE (Groundball, 56D, EV 96.3 MPH)
Stephen DeMatties to second
Batting: RHB Mark Cauley 0-0: Fielders Choice at 2nd, 6-4 (Groundball, 6, EV 95.0 MPH)
Stephen DeMatties to third
Batting: RHB John Lohse 0-0: Foul Ball, location: 2F
0-1: Ball
1-1: Ball
2-1: Foul Ball, location: 2F
2-2: Ball
3-2: Ground out 6-3 (Groundball, 6, EV 91.9 MPH)
Top of the 6th over - 0 runs, 2 hits, 0 errors, 2 left on base; Greensboro 2 - Salem 3
BOTTOM OF THE 6TH
Salem Rebels batting - Pitching for Greensboro Hornets : RHP Jesus Silva
Batting: RHB Steven Schields 0-0: Ground out 3-1 (Groundball, 13, EV 85.6 MPH)
Batting: RHB Michael Murray 0-0: Foul Ball, location: 2F
0-1: Ball
1-1: Ball
2-1: Ball
3-1: Base on Balls
Batting: RHB Michael Guerra 0-0: Ball
1-0: Ball
2-0: Grounds into double play, 4-6-3 (Groundball, 4, EV 77.5 MPH)
Bottom of the 6th over - 0 runs, 0 hits, 0 errors, 0 left on base; Greensboro 2 - Salem 3
TOP OF THE 7TH
Greensboro Hornets batting - Pitching for Salem Rebels : RHP Edward Koziol
Batting: LHB Ozzie Guillen 0-0: Ball
1-0: Ball
2-0: Ball
3-0: Base on Balls
Batting: SHB Mark Bailey 0-0: Ball
1-0: Called Strike
1-1: Ball
2-1: Ball
3-1: Base on Balls
Ozzie Guillen to second
Batting: LHB Francisco Melendez 0-0: Ball
1-0: Ball
2-0: Ball
3-0: Called Strike
3-1: Base on Balls
Ozzie Guillen to third
Mark Bailey to second
Pinch Hitting: LHB Preston Cash 0-0: Ball
1-0: Foul Ball, location: 2F
1-1: Foul Ball, location: 2F
1-2: Strikes out looking
Batting: LHB Stephen DeMatties 0-0: Called Strike
0-1: Called Strike
0-2: Ball
1-2: Strikes out swinging
Pinch Hitting: LHB John Hughes 0-0: Ball
1-0: SINGLE (Groundball, 4, EV 96.3 MPH)
Ozzie Guillen scores
Mark Bailey to third
Francisco Melendez to second
Runner from 3rd tries for Home, SAFE, throw by CF to home
Batting: RHB Ed Romero 0-0: Ball
1-0: Foul Ball, location: 2F
1-1: Swinging Strike
1-2: Ball
2-2: Ground out 4-3 (Groundball, 4, EV 82.5 MPH)
Top of the 7th over - 2 runs, 1 hit, 0 errors, 2 left on base; Greensboro 4 - Salem 3
BOTTOM OF THE 7TH
Salem Rebels batting - Pitching for Greensboro Hornets : RHP Jesus Silva
Now at 3B: Alexis Infante
Now in LF: Preston Cash
Batting: RHB Dwayne Wright 0-0: Ball
1-0: Foul Ball, location: 2F
1-1: Swinging Strike
1-2: Ball
2-2: Ball
3-2: Ground out 6-3 (Groundball, 6, EV 99.4 MPH)
Batting: RHB Jackie Talley 0-0: Called Strike
0-1: Foul Ball, location: 2F
0-2: Strikes out swinging
Batting: RHB Gary Leslie 0-0: Ball
1-0: Called Strike
1-1: Called Strike
1-2: Ball
2-2: Ball
3-2: Foul Ball, location: 2F
3-2: Ground out 4-3 (Groundball, 4, EV 79.4 MPH)
Bottom of the 7th over - 0 runs, 0 hits, 0 errors, 0 left on base; Greensboro 4 - Salem 3
TOP OF THE 8TH
Greensboro Hornets batting - Pitching for Salem Rebels : RHP Edward Koziol
Batting: RHB Mark Cauley 0-0: Ball
1-0: Called Strike
1-1: Called Strike
1-2: Foul Ball, location: 2F
1-2: Hit by Pitch
Batting: RHB John Lohse 0-0: Bunted foul
0-1: Ball
1-1: Bunt missed!
1-2: Ball
2-2: Ball
3-2: Base on Balls
Mark Cauley to second
Batting: LHB Ozzie Guillen 0-0: Bunt missed!
0-1: Ball
1-1: Bunt - Flyout to 15! F1
Batting: SHB Mark Bailey 0-0: Ball
1-0: Swinging Strike
1-1: Foul Ball, location: 2F
1-2: Ball
2-2: Ball
3-2: SINGLE (Line Drive, 5D, EV 93.8 MPH)
Mark Cauley to third
John Lohse to second
Batting: LHB Francisco Melendez 0-0: Ball
1-0: Ball
2-0: Called Strike
2-1: Ball
3-1: SINGLE (Groundball, 34D, EV 94.4 MPH)
Mark Cauley scores
John Lohse to third
Mark Bailey to second
Runner from 3rd tries for Home, SAFE, throw by RF to home
Pitching: RHP Paul Randolph
Batting: LHB Preston Cash 0-0: Ball
1-0: Called Strike
1-1: Swinging Strike
1-2: Strikes out swinging
Batting: LHB Stephen DeMatties 0-0: Ball
1-0: Ball
2-0: Foul Ball, location: 2F
2-1: Ball
3-1: Called Strike
3-2: Base on Balls
Mark Bailey to third
Francisco Melendez to second
Batting: RHB Alexis Infante 0-0: Called Strike
0-1: Fielders Choice at 2nd, 6-4 (Groundball, 56, EV 90.6 MPH)
Top of the 8th over - 2 runs, 2 hits, 0 errors, 3 left on base; Greensboro 6 - Salem 3
BOTTOM OF THE 8TH
Salem Rebels batting - Pitching for Greensboro Hornets : RHP Jesus Silva
Batting: RHB David Smith 0-0: Called Strike
0-1: Called Strike
0-2: Strikes out swinging
Batting: RHB Glenn Jones 0-0: Ball
1-0: Swinging Strike
1-1: Foul Ball, location: 2F
1-2: Ball
2-2: Ball
3-2: Fly out, F9 (Flyball, 89S, EV 92.5 MPH)
Batting: RHB John Schaive 0-0: Ground out 6-3 (Groundball, 6, EV 90.0 MPH)
Bottom of the 8th over - 0 runs, 0 hits, 0 errors, 0 left on base; Greensboro 6 - Salem 3
TOP OF THE 9TH
Greensboro Hornets batting - Pitching for Salem Rebels : RHP Paul Randolph
Pitching: RHP Timothy Justus
Batting: RHB Ed Romero 0-0: Ball
1-0: Foul Ball, location: 2F
1-1: Called Strike
1-2: DOUBLE (Line Drive, 89XD, EV 104.4 MPH)
Batting: RHB Mark Cauley 0-0: Intentional Walk
Batting: RHB John Lohse 0-0: Bunt missed!
0-1: Ball
1-1: Bunt missed!
1-2: Ground out 5-3 (Groundball, 56S, EV 63.1 MPH)
Ed Romero to third
Mark Cauley to second
Batting: LHB Ozzie Guillen 0-0: Ball
1-0: Fly out, F7 (Flyball, 7D, EV 110.0 MPH)
Runner from 3rd tags up, SCORES, throw by LF
Batting: SHB Mark Bailey 0-0: Ball
1-0: Ball
2-0: Swinging Strike
2-1: Swinging Strike
2-2: DOUBLE (Flyball, 78XD, EV 105.6 MPH)
Mark Cauley scores
Batting: LHB Francisco Melendez 0-0: Ball
1-0: Foul Ball, location: 2F
1-1: Foul Ball, location: 2F
1-2: Fly out, F7 (Flyball, 78D, EV 93.1 MPH)
Top of the 9th over - 2 runs, 2 hits, 0 errors, 1 left on base; Greensboro 8 - Salem 3
BOTTOM OF THE 9TH
Salem Rebels batting - Pitching for Greensboro Hornets : RHP Jesus Silva
Batting: RHB Steven Schields 0-0: Called Strike
0-1: Ball
1-1: SINGLE (Line Drive, 34D, EV 96.9 MPH)
Batting: RHB Michael Murray 0-0: Ball
1-0: Foul Ball, location: 2F
1-1: Ball
2-1: SINGLE (Groundball, 56D, EV 96.3 MPH)
Steven Schields to second
Pitching: LHP Ken Angulo
Batting: RHB Michael Guerra 0-0: Fly out, F9 (Flyball, 9LS, EV 83.8 MPH)
Batting: RHB Dwayne Wright 0-0: Grounds into double play, 6-4-3 (Groundball, 6, EV 91.3 MPH)
Bottom of the 9th over - 0 runs, 2 hits, 0 errors, 1 left on base; Greensboro 8 - Salem 3
Monday, August 17th, 2020 - OOTP Baseball 21.5 Build 76